| TOP OF THE 1ST |
|
Columbia Fireflies batting - Pitching for Altoona Curve : LHP Phil DeCamp
|
|
Pitching: LHP Phil DeCamp
|
|
|
Batting: RHB Omar Novoa
|
0-0: Foul Ball, location: 2F 0-1: Foul Ball, location: 2F 0-2: Foul Ball, location: 2F 0-2: Foul Ball, location: 2F 0-2: Foul Ball, location: 2F 0-2: Ball 1-2: Strikes out swinging
|
|
Batting: RHB Larry Shoop
|
0-0: Ball 1-0: Ball 2-0: Foul Ball, location: 2F 2-1: Fly out, F8 (Flyball, 89M, EV 92.5 MPH)
|
|
Batting: SHB Masatoshi Akahoshi
|
0-0: SINGLE (Line Drive, 4D, EV 96.9 MPH)
|
|
Batting: RHB Masaya Nakamura
|
0-0: Ball 1-0: Swinging Strike 1-1: Ball 2-1: Swinging Strike 2-2: Foul Ball, location: 2F 2-2: Ball 3-2: Foul Ball, location: 2F 3-2: Foul Ball, location: 2F 3-2: Strikes out swinging
|
| Top of the 1st over - 0 runs, 1 hit, 0 errors, 1 left on base; Columbia 0 - Altoona 0 |
| BOTTOM OF THE 1ST |
|
Altoona Curve batting - Pitching for Columbia Fireflies : RHP Tony Castellanos
|
|
Pitching: RHP Tony Castellanos
|
|
|
Batting: LHB Sammy Roddenberry
|
0-0: Ball 1-0: Ball 2-0: Called Strike 2-1: Bunt missed! 2-2: Foul Ball, location: 2F 2-2: Strikes out swinging
|
|
Batting: RHB Jose Almonte
|
0-0: Called Strike 0-1: Swinging Strike 0-2: Strikes out swinging
|
|
Batting: LHB Nick Rooney
|
0-0: Ball 1-0: Ball 2-0: Foul Ball, location: 2F 2-1: Ground out 3-1 (Groundball, 34S, EV 89.4 MPH)
|
| Bottom of the 1st over - 0 runs, 0 hits, 0 errors, 0 left on base; Columbia 0 - Altoona 0 |
| TOP OF THE 2ND |
|
Columbia Fireflies batting - Pitching for Altoona Curve : LHP Phil DeCamp
|
|
Batting: SHB Justin Wallace
|
0-0: Ball 1-0: Called Strike 1-1: Swinging Strike 1-2: Foul Ball, location: 2F 1-2: Strikes out swinging
|
|
Batting: RHB Andy Carrell
|
0-0: Fly out, F7 (Flyball, 7LM, EV 95.6 MPH)
|
|
Batting: RHB T.J. Spina
|
0-0: Ball 1-0: Ball 2-0: Foul Ball, location: 2F 2-1: Foul Ball, location: 2F 2-2: Fly out, F7 (Flyball, 78M, EV 75.6 MPH)
|
| Top of the 2nd over - 0 runs, 0 hits, 0 errors, 0 left on base; Columbia 0 - Altoona 0 |
| BOTTOM OF THE 2ND |
|
Altoona Curve batting - Pitching for Columbia Fireflies : RHP Tony Castellanos
|
|
Batting: LHB Phil DeCamp
|
0-0: Swinging Strike 0-1: Ball 1-1: Foul Ball, location: 2F 1-2: Ball 2-2: Ball 3-2: Foul Ball, location: 2F 3-2: Foul Ball, location: 2F 3-2: SINGLE (Line Drive, 7S, EV 99.4 MPH)
|
|
Batting: LHB Ruben Garza
|
0-0: Called Strike 0-1: Ball 1-1: Swinging Strike 1-2: Fielders Choice at 2nd, 4-6 (Groundball, 4, EV 90.0 MPH)
|
|
Batting: RHB Freddy Quintero
|
0-0: Ball 1-0: Called Strike 1-1: Swinging Strike 1-2: Strikes out swinging
|
|
Batting: SHB Curtis Thompson
|
0-0: Swinging Strike 0-1: Ball 1-1: Foul Ball, location: 2F 1-2: Ball Ruben Garza steals 2nd, throwing error, E2 Ruben Garza to third 2-2: Ball 3-2: Foul Ball, location: 2F 3-2: Strikes out swinging
|
| Bottom of the 2nd over - 0 runs, 1 hit, 1 error, 1 left on base; Columbia 0 - Altoona 0 |
| TOP OF THE 3RD |
|
Columbia Fireflies batting - Pitching for Altoona Curve : LHP Phil DeCamp
|
|
Batting: RHB Dan Muse
|
0-0: Fly out, F9 (Flyball, 9, EV 96.9 MPH)
|
|
Batting: LHB Preston Knaak
|
0-0: Foul Ball, location: 2F 0-1: Ball 1-1: Foul Ball, location: 2F 1-2: Ball 2-2: Foul Ball, location: 2F 2-2: Strikes out swinging
|
|
Batting: RHB Omar Novoa
|
0-0: Ball 1-0: Foul Ball, location: 2F 1-1: Foul Ball, location: 2F 1-2: Ground out 6-3 (Groundball, 6, EV 84.4 MPH)
|
| Top of the 3rd over - 0 runs, 0 hits, 0 errors, 0 left on base; Columbia 0 - Altoona 0 |
| BOTTOM OF THE 3RD |
|
Altoona Curve batting - Pitching for Columbia Fireflies : RHP Tony Castellanos
|
|
Batting: RHB Keiji Nakajima
|
0-0: Swinging Strike 0-1: Ball 1-1: Ball 2-1: Ground out 1-3 (Groundball, 15S, EV 70.6 MPH)
|
|
Batting: RHB Pleun Smit
|
0-0: Ball 1-0: Ball 2-0: Ground out 6-3 (Groundball, 6, EV 85.0 MPH)
|
|
Batting: LHB Sammy Roddenberry
|
0-0: Ball 1-0: SINGLE (Flyball, 56D, EV 93.8 MPH)
|
|
Batting: RHB Jose Almonte
|
0-0: Ball 1-0: Foul Ball, location: 2F 1-1: Foul Ball, location: 2F 1-2: Foul Ball, location: 2F 1-2: Fielders Choice at 2nd, 6-4 (Groundball, 6, EV 82.5 MPH)
|
| Bottom of the 3rd over - 0 runs, 1 hit, 0 errors, 1 left on base; Columbia 0 - Altoona 0 |
| TOP OF THE 4TH |
|
Columbia Fireflies batting - Pitching for Altoona Curve : LHP Phil DeCamp
|
|
Batting: RHB Larry Shoop
|
0-0: Ball 1-0: Ball 2-0: Ball 3-0: Called Strike 3-1: Ground out 1-3 (Groundball, 34S, EV 66.9 MPH)
|
|
Batting: SHB Masatoshi Akahoshi
|
0-0: Called Strike 0-1: Foul Ball, location: 2F 0-2: Foul Ball, location: 2F 0-2: Strikes out swinging
|
|
Batting: RHB Masaya Nakamura
|
0-0: Ball 1-0: Ball 2-0: Swinging Strike 2-1: Foul Ball, location: 2F 2-2: Foul Ball, location: 2F 2-2: Foul Ball, location: 2F 2-2: Foul Ball, location: 2F 2-2: Ball 3-2: Foul Ball, location: 2F 3-2: Foul Ball, location: 2F 3-2: Foul Ball, location: 2F 3-2: Strikes out swinging
|
| Top of the 4th over - 0 runs, 0 hits, 0 errors, 0 left on base; Columbia 0 - Altoona 0 |
| BOTTOM OF THE 4TH |
|
Altoona Curve batting - Pitching for Columbia Fireflies : RHP Tony Castellanos
|
|
Batting: LHB Nick Rooney
|
0-0: Ball 1-0: Ball 2-0: Ball 3-0: Called Strike 3-1: Foul Ball, location: 2F 3-2: Foul Ball, location: 2F 3-2: Fly out, F5 (Popup, 25F, EV 75.6 MPH)
|
|
Batting: LHB Phil DeCamp
|
0-0: Swinging Strike 0-1: Ball 1-1: Foul Ball, location: 2F 1-2: Foul Ball, location: 2F 1-2: Foul Ball, location: 2F 1-2: Foul Ball, location: 2F 1-2: Foul Ball, location: 2F 1-2: Strikes out swinging
|
|
Batting: LHB Ruben Garza
|
0-0: Ball 1-0: Ball 2-0: Ball 3-0: Base on Balls
|
|
Batting: RHB Freddy Quintero
|
0-0: Ball 1-0: Called Strike 1-1: Foul Ball, location: 2F 1-2: SINGLE (Groundball, 6MD, EV 94.4 MPH) Ruben Garza to second Runner from 2nd tries for 3rd, SAFE, throw by CF made to third
|
|
Batting: SHB Curtis Thompson
|
0-0: Fly out, F8 (Flyball, 8RM, EV 93.8 MPH)
|
| Bottom of the 4th over - 0 runs, 1 hit, 0 errors, 2 left on base; Columbia 0 - Altoona 0 |
| TOP OF THE 5TH |
|
Columbia Fireflies batting - Pitching for Altoona Curve : LHP Phil DeCamp
|
|
Batting: SHB Justin Wallace
|
0-0: Fly out, F9 (Flyball, 89S, EV 93.8 MPH)
|
|
Batting: RHB Andy Carrell
|
0-0: Fly out, F9 (Flyball, 89M, EV 75.0 MPH)
|
|
Batting: RHB T.J. Spina
|
0-0: Called Strike 0-1: Called Strike 0-2: Ball 1-2: DOUBLE (Line Drive, 3D, EV 110.0 MPH)
|
|
Batting: RHB Dan Muse
|
0-0: Called Strike 0-1: Ball 1-1: SINGLE (Line Drive, 4MD, EV 96.9 MPH) T.J. Spina to third Runner from 3rd tries for Home, throw by CF and OUT! 8-2
|
| Top of the 5th over - 0 runs, 2 hits, 0 errors, 1 left on base; Columbia 0 - Altoona 0 |
| BOTTOM OF THE 5TH |
|
Altoona Curve batting - Pitching for Columbia Fireflies : RHP Tony Castellanos
|
|
Batting: RHB Keiji Nakajima
|
0-0: Called Strike 0-1: Ball 1-1: Ball 2-1: Called Strike 2-2: Fly out, F3 (Popup, 3, EV 80.6 MPH)
|
|
Batting: RHB Pleun Smit
|
0-0: Ball 1-0: Called Strike 1-1: Ball 2-1: Ground out 6-3 (Groundball, 6, EV 103.1 MPH)
|
|
Batting: LHB Sammy Roddenberry
|
0-0: Ball 1-0: Ball 2-0: Called Strike 2-1: Fly out, F7 (Line Drive, 7, EV 89.4 MPH)
|
| Bottom of the 5th over - 0 runs, 0 hits, 0 errors, 0 left on base; Columbia 0 - Altoona 0 |
| TOP OF THE 6TH |
|
Columbia Fireflies batting - Pitching for Altoona Curve : LHP Phil DeCamp
|
|
Batting: LHB Preston Knaak
|
0-0: Foul Ball, location: 2F 0-1: Swinging Strike 0-2: Ground out 5-3 (Groundball, 56, EV 82.5 MPH)
|
|
Batting: RHB Omar Novoa
|
0-0: Ball 1-0: Ball 2-0: SOLO HOME RUN (Flyball, 7D, EV 97.5 MPH), Distance : 376 ft
|
|
Batting: RHB Larry Shoop
|
0-0: Ball 1-0: Called Strike 1-1: Ground out 6-3 (Groundball, 6, EV 102.5 MPH)
|
|
Batting: SHB Masatoshi Akahoshi
|
0-0: Ball 1-0: Ball 2-0: Ball 3-0: Base on Balls
|
|
Batting: RHB Masaya Nakamura
|
0-0: Ball 1-0: Ball 2-0: Foul Ball, location: 2F 2-1: Foul Ball, location: 2F 2-2: SINGLE (Line Drive, 89S, EV 113.1 MPH) Masatoshi Akahoshi to second
|
|
Batting: SHB Justin Wallace
|
0-0: Ball 1-0: Called Strike 1-1: Called Strike 1-2: Ball 2-2: Strikes out looking
|
| Top of the 6th over - 1 run, 2 hits, 0 errors, 2 left on base; Columbia 1 - Altoona 0 |
| BOTTOM OF THE 6TH |
|
Altoona Curve batting - Pitching for Columbia Fireflies : RHP Tony Castellanos
|
|
Batting: RHB Jose Almonte
|
0-0: Ball 1-0: SINGLE (Groundball, 56D, EV 102.5 MPH)
|
|
Batting: LHB Nick Rooney
|
0-0: Ball 1-0: Called Strike 1-1: Ball Jose Almonte steals 2nd base 2-1: Ground out 4-3 (Groundball, 4, EV 81.2 MPH) Jose Almonte to third
|
|
Batting: LHB Phil DeCamp
|
0-0: TRIPLE (Flyball, 89XD, EV 107.5 MPH) Jose Almonte scores
|
|
Batting: LHB Ruben Garza
|
0-0: Called Strike 0-1: Foul Ball, location: 2F 0-2: SINGLE (Groundball, 4, EV 107.5 MPH) Phil DeCamp scores
|
|
Batting: RHB Freddy Quintero
|
0-0: Ball 1-0: Ball 2-0: Called Strike 2-1: Ball Ruben Garza steals 2nd base 3-1: Intentional Walk
|
|
Pitching: RHP Marvin Merino
|
|
|
Batting: SHB Curtis Thompson
|
0-0: Fielders Choice at 2nd, 4-6 (Groundball, 4, EV 98.1 MPH) Ruben Garza to third
|
|
Batting: RHB Keiji Nakajima
|
0-0: SINGLE (Groundball, 56, EV 97.5 MPH) Ruben Garza scores Curtis Thompson to second
|
|
Batting: RHB Pleun Smit
|
0-0: Ball 1-0: Called Strike 1-1: Swinging Strike 1-2: Strikes out swinging
|
| Bottom of the 6th over - 3 runs, 4 hits, 0 errors, 2 left on base; Columbia 1 - Altoona 3 |
| TOP OF THE 7TH |
|
Columbia Fireflies batting - Pitching for Altoona Curve : LHP Phil DeCamp
|
|
Batting: RHB Andy Carrell
|
0-0: Ball 1-0: Ball 2-0: Foul Ball, location: 2F 2-1: Foul Ball, location: 2F 2-2: Strikes out swinging
|
|
Batting: RHB T.J. Spina
|
0-0: Ball 1-0: Ball 2-0: Swinging Strike 2-1: Foul Ball, location: 2F 2-2: Ball 3-2: SINGLE (Flyball, 4D, EV 90.0 MPH)
|
|
Pitching: RHP Alex Romero
|
|
|
Batting: RHB Dan Muse
|
0-0: Called Strike 0-1: Grounds into double play, U3-6 (Groundball, 3L, EV 111.9 MPH)
|
| Top of the 7th over - 0 runs, 1 hit, 0 errors, 0 left on base; Columbia 1 - Altoona 3 |
| BOTTOM OF THE 7TH |
|
Altoona Curve batting - Pitching for Columbia Fireflies : RHP Marvin Merino
|
|
Batting: LHB Sammy Roddenberry
|
0-0: Ball 1-0: Ball 2-0: Ground out 6-3 (Groundball, 6, EV 90.0 MPH)
|
|
Batting: RHB Jose Almonte
|
0-0: Ball 1-0: Fly out, F2 (Popup, 3SF, EV 81.9 MPH)
|
|
Batting: LHB Nick Rooney
|
0-0: Ball 1-0: Ball 2-0: Ball 3-0: Called Strike 3-1: Base on Balls
|
|
Batting: LHB Phil DeCamp
|
0-0: Fly out, F7 (Flyball, 78M, EV 84.4 MPH)
|
| Bottom of the 7th over - 0 runs, 0 hits, 0 errors, 1 left on base; Columbia 1 - Altoona 3 |
| TOP OF THE 8TH |
|
Columbia Fireflies batting - Pitching for Altoona Curve : RHP Alex Romero
|
|
Batting: LHB Preston Knaak
|
0-0: Swinging Strike 0-1: Ball 1-1: Foul Ball, location: 2F 1-2: Ball 2-2: Strikes out swinging
|
|
Pinch Hitting: LHB Tony Leyba
|
0-0: Ball 1-0: Swinging Strike 1-1: Foul Ball, location: 2F 1-2: Ball 2-2: Ball 3-2: SINGLE (Line Drive, 8RS, EV 106.9 MPH)
|
|
Batting: RHB Larry Shoop
|
0-0: Ball 1-0: Called Strike 1-1: Ball 2-1: Foul Ball, location: 2F 2-2: 2-RUN HOME RUN (Line Drive, 7LD, EV 95.0 MPH), Distance : 334 ft
|
|
Batting: SHB Masatoshi Akahoshi
|
0-0: Called Strike 0-1: Swinging Strike 0-2: Strikes out looking
|
|
Batting: RHB Masaya Nakamura
|
0-0: Ball 1-0: Called Strike 1-1: Foul Ball, location: 2F 1-2: Foul Ball, location: 2F 1-2: Foul Ball, location: 2F 1-2: Strikes out swinging
|
| Top of the 8th over - 2 runs, 2 hits, 0 errors, 0 left on base; Columbia 3 - Altoona 3 |
| BOTTOM OF THE 8TH |
|
Altoona Curve batting - Pitching for Columbia Fireflies : RHP Marvin Merino
|
|
Pitching: RHP Amare Golden
|
|
|
Now at 3B: Jose Lara
|
|
|
Batting: LHB Ruben Garza
|
0-0: Foul Ball, location: 2F 0-1: Ball 1-1: Foul Ball, location: 2F 1-2: Ball 2-2: Strikes out swinging
|
|
Batting: RHB Freddy Quintero
|
0-0: Ball 1-0: Foul Ball, location: 2F 1-1: Ball 2-1: Foul Ball, location: 2F 2-2: SINGLE (Groundball, 3D, EV 99.4 MPH)
|
|
Batting: SHB Curtis Thompson
|
0-0: Swinging Strike 0-1: Ball 1-1: Ball 2-1: Foul Ball, location: 2F 2-2: Fly out, F3 (Line Drive, 3L, EV 72.5 MPH) Lined into DP, U3 (Line Drive, 3L, EV 71.9 MPH)
|
| Bottom of the 8th over - 0 runs, 1 hit, 0 errors, 0 left on base; Columbia 3 - Altoona 3 |
| TOP OF THE 9TH |
|
Columbia Fireflies batting - Pitching for Altoona Curve : RHP Alex Romero
|
|
Pitching: LHP Mario Flores
|
|
|
Batting: SHB Justin Wallace
|
0-0: SINGLE (Groundball, 6MD, EV 94.4 MPH)
|
|
Batting: RHB Andy Carrell
|
0-0: Ball 1-0: Bunt missed! 1-1: Bunted foul 1-2: Foul Ball, location: 2F 1-2: Fly out, F8 (Flyball, 8LM, EV 70.6 MPH)
|
|
Batting: RHB T.J. Spina
|
0-0: Called Strike 0-1: Ball 1-1: Foul Ball, location: 2F 1-2: Grounds into double play, 6-4-3 (Groundball, 6, EV 83.8 MPH)
|
| Top of the 9th over - 0 runs, 1 hit, 0 errors, 0 left on base; Columbia 3 - Altoona 3 |
| BOTTOM OF THE 9TH |
|
Altoona Curve batting - Pitching for Columbia Fireflies : RHP Amare Golden
|
|
Pinch Hitting: RHB Etsuro Hosokawa
|
0-0: Ball 1-0: Ball 2-0: Fly out, F8 (Flyball, 8RD, EV 90.6 MPH)
|
|
Batting: RHB Pleun Smit
|
0-0: Called Strike 0-1: SINGLE (Groundball, 6MD, EV 96.2 MPH)
|
|
Batting: LHB Sammy Roddenberry
|
0-0: Ball 1-0: Called Strike 1-1: Called Strike 1-2: Ball 2-2: Ball 3-2: DOUBLE (Line Drive, 89D, EV 105.6 MPH) Pleun Smit to third Runner from 3rd tries for Home, SAFE, throw by RF to home
|
| Bottom of the 9th over - 1 run, 2 hits, 0 errors, 1 left on base; Columbia 3 - Altoona 4 |
|